 Dungeon Crawl Stone Soup version 0.27-a0-668-gb5737ff2c0 (webtiles) character file.

Game seed: 7670899518818561229

127 tsouns the Ruffian (level 4, -1/42 HPs)
             Began as a Troll Ice Elementalist on Mar 17, 2021.
             Slain by a kobold
             ... wielding a +2 dagger of venom
              (2 damage)
             ... on level 2 of the Dungeon.
             The game lasted 00:04:32 (1573 turns).

tsouns the Ruffian (Troll Ice Elementalist)         Turns: 1573, Time: 00:04:32

Health: -1/42      AC:  4    Str: 16    XL:     4   Next: 85%
Magic:  4/4        EV:  9    Int: 12    God:
Gold:   47         SH:  0    Dex: 10    Spells: 1/5 levels left

rFire    + . .     SeeInvis .     - Unarmed
rCold    + . .     Faith    .   (no shield)
rNeg     . . .     Spirit   .   a - +0 robe
rPois    +         Reflect  .   (helmet restricted)
rElec    +         Harm     .   (no cloak)
rCorr    +         Rampage  .   (gloves unavailable)
Will     .....                  (boots unavailable)
Stlth    +.........             (no amulet)
HPRegen  1.14/turn              (no ring)
MPRegen  0.09/turn              (no ring)

@: lethally poisoned (-1 -> -4), resistant, hasted, very quick
A: large, unfitting armour, claws 3, regeneration 1, shaggy fur 1, tough skin 1
a: no special abilities


You were on level 2 of the Dungeon.
You visited 1 branch of the dungeon, and saw 3 of its levels.

You collected 47 gold pieces.

Inventory:

Armour
 a - a +0 robe (worn)
Scrolls
 b - 2 scrolls of identify {unknown}
 e - a scroll of amnesia {unknown}
Potions
 d - a potion of flight {unknown}
 f - a potion of resistance


   Skills:
 + Level 1.9 Fighting
 - Level 1.5 Dodging
 - Level 1.0 Stealth
 * Level 3.7 Unarmed Combat
 - Level 1.2 Spellcasting
 - Level 2.9 Ice Magic


You had one spell level left.
You knew the following spells:

 Your Spells              Type           Power      Damage    Failure   Level
a - Freeze                Ice            28%        1d5       9%          1
b - Frozen Ramparts       Ice            14%        1d3       26%         3

Your spell library contained the following spells:

 Spells                   Type           Power      Damage    Failure   Level
 Ozocubu's Armour         Ice            7%         N/A       26%         3
 Hailstorm                Conj/Ice       4%         3d4       85%         4
 Summon Ice Beast         Ice/Summ       4%         N/A       85%         4


Dungeon Overview and Level Annotations

Branches:
Dungeon (3/15)

Altars:
Cheibriados
Sif Muna
Xom


Innate Abilities, Weirdness & Mutations

You are too large for most types of armour.
You have claws for hands.
Your natural rate of healing is unusually fast.
You are covered in fur. (AC +1)
You have tough skin. (AC +1)


Message History

The orc barely misses you.
A rat comes into view.
There is a stone staircase leading up here.
The orc misses you. The kobold barely misses you.
The orc priest hits you with a +0 short sword.
You climb upwards.
There is a stone staircase leading down here.
You barely miss the orc priest.
The kobold hits you with a +2 dagger of venom.
You are poisoned.
The orc priest calls down the wrath of Beogh upon you.
Beogh smites you!
You closely miss the orc priest.
You feel sick.
The kobold hits you with a +2 dagger of venom.
You are more poisoned.
The orc priest mumbles some strange prayers to Beogh against you.
Pain shoots through your body!
You barely miss the orc priest.
You feel sick.
The kobold hits you with a +2 dagger of venom.
You are more poisoned.
You scratch the orc priest.
The orc priest is moderately wounded.
You feel sick.
The orc priest hits you with a +0 short sword!
* * * LOW HITPOINT WARNING * * *
The kobold hits you with a +2 dagger of venom.
* * * LOW HITPOINT WARNING * * *
You are more poisoned.
It was a potion of resistance.
You feel protected.
You feel sick.
The orc priest hits you with a +0 short sword.
* * * LOW HITPOINT WARNING * * *
The kobold barely misses you.
It was a potion of haste.
You feel yourself speed up.
* * * LOW HITPOINT WARNING * * *
You feel sick.
The orc priest looks satisfied for a moment.
The kobold hits you with a +2 dagger of venom.
You die...

.##.....⌠....^..≈.#.#..........#.
)####⌠≈§§#..≈.#.##.##............
.# ####§)≈#..^..≈≈####...........
.# ####†.≈.⌠^≈#.##..............
)##########.######.....#####.....
.#................)....# #.....
...........#...........#####.....
...........#..............##.....
................@K............#..
................o.#...........#..
...######.........#...........#..
...# #.........#.......#####..
..## #.........#...^......(...
#.# #.........####........... #.#
#.........# #........... #.#
#.........# #........... #.#
#.........# #...........


You could see an orc priest and a kobold.

Vanquished Creatures
  Terence (D:2)
  3 adders (D:2)
  2 worms (D:2)
  2 dart slugs
  2 leopard geckos (D:2)
  5 orcs
  A giant cockroach (D:2)
  13 goblins
  3 hobgoblins (D:2)
  2 jackals (D:1)
  A quokka (D:1)
  A ball python (D:2)
  4 bats (D:1)
  5 frilled lizards
  6 kobolds
  A quokka skeleton (D:2)
  5 rats
57 creatures vanquished.

Notes
Turn   | Place    | Note
-------+----------+-------------------------------------------
     0 | D:1      | tsouns the Troll Ice Elementalist began the quest for the
                  | Orb.
     0 | D:1      | Reached XP level 1. HP: 16/16 MP: 1/1
    68 | D:1      | Reached skill level 1 in Unarmed Combat
    85 | D:1      | Reached XP level 2. HP: 26/26 MP: 2/2
   480 | D:1      | Reached skill level 1 in Fighting
   480 | D:1      | Reached skill level 2 in Unarmed Combat
   786 | D:2      | Reached XP level 3. HP: 31/33 MP: 3/3
   938 | D:2      | Noticed Terence
   979 | D:2      | Killed Terence
   980 | D:2      | Reached skill level 3 in Unarmed Combat
   980 | D:2      | Reached XP level 4. HP: 39/42 MP: 4/4
  1090 | D:2      | Found a shimmering altar of Xom.
  1146 | D:2      | Found a snail-covered altar of Cheibriados.
  1293 | D:2      | Found a shimmering blue altar of Sif Muna.
  1492 | D:3      | Learned a level 3 spell: Frozen Ramparts
  1572 | D:2      | HP: 1/42 [orc priest/+0 short sword (4)]
  1573 | D:2      | Slain by a kobold

Illustrated notes

Levels and vault maps discovered:
D:1:      saegor_arrival_simple_d, layout_basic, minmay_surrounded
D:2:      layout_basic, nicolae_overflow_crystal_walls,
          nicolae_sif_muna_little_library, minivault_27, tgw_xom, uniq_terence
D:3:      layout_basic, uniq_robin

Skill      XL: |  1  2  3 |
---------------+----------+-----
Unarmed Combat | 1 2 3 |  3.7
Fighting       | 1 |  1.9
Dodging        | |  1.5
Stealth        | |  1.0
Spellcasting   | |  1.2
Ice Magic      | |  2.9

Action                   |  1- 3 |  4- 6 || total
-------------------------+-------+-------++-------
Melee: Unarmed           |   116 |    55 ||   171
 Cast: Freeze            |     8 |     1 ||     9
  Use: Potion            |       |     2 ||     2
 Stab: Sleeping          |       |     1 ||     1
Armor: Robe              |    29 |     5 ||    34
Dodge: Dodged            |    63 |    23 ||    86

Table legend: (Time is in decaauts)
 A = Elapsed time spent in this place.
 B = Non-inter-level travel time spent in this place.
 C = Inter-level travel time spent in this place.
 D = Time resting spent in this place.
 E = Time spent auto-exploring this place.
 F = Levels seen in this place.
 G = Mean time per level.
                   A        B        C        D        E       F      G
               +--------+--------+--------+--------+--------+-----+--------+
         Total |   1569 |   1556 |     13 |      0 |   1173 |   3 |  523.0 |
       Dungeon |   1569 |   1556 |     13 |      0 |   1173 |   3 |  523.0 |
               +--------+--------+--------+--------+--------+-----+--------+

Top non-repeatable levels by time:
     D:1: 734 daAuts
     D:2: 705 daAuts
     D:3: 129 daAuts
